AoeStats
← Sultan

Four Lakes

508886620Analyzed
1v1 RM · 9d ago on Sep 24, 2026· 40m 18s· 2 players
Game mode
Random Map
Map size
Tiny (2 player)
Population
200
Speed
Normal
Resources
Standard
Victory
Conquest
Starting age
Dark Age
Ending age
Imperial Age
RankedLock teamsTeams togetherTeam positionsShared explorationLock speedFull tech treeHidden civsTurbo modeCheats
Victory
Defeat
🇹🇭 Bohemians · Thailand
817
+15
🇦🇷 Sicilians · Argentina
788
-15
DANY LUGA
8:49 Loom
11:23 Feudal Age
17:27 Castle Age
15:57 Double-Bit Axe
16:16 Horse Collar
17:58 Gold Mining
20:12 Bow Saw
23:22 Fletching
23:39 Crossbowman
26:09 Gold Shaft Mining
26:04 Heavy Plow
28:18 Wheelbarrow
27:28 Town Watch
28:33 Stone Mining
29:00 Elite Skirmisher
31:07 Ballistics
30:45 Bodkin Arrow
30:51 Scale Mail Armor
32:08 Stone Shaft Mining
35:16 Imperial Age
33:24 Padded Archer Armor
34:27 Leather Archer Armor
34:23 Forging
34:28 Chain Mail Armor
34:39 Squires
34:24 Arson
35:39 Chain Mail Armor
38:20 Chemistry
36:45 Arbalester
36:55 Cavalier
38:29 Bloodlines
38:20 Husbandry
39:27 Bracer
40:02 Iron Casting
39:33 Scale Barding Armor
Sultan
10:48 Feudal Age
11:19 Double-Bit Axe
11:39 Fishing Lines
13:17 Wheelbarrow
18:49 Castle Age
20:02 Bow Saw
19:45 Gillnets
23:39 Chemistry
24:48 Hand Cart
27:11 Forging
26:51 Fletching
27:02 Padded Archer Armor
28:46 Horse Collar
32:29 Imperial Age
32:12 Iron Casting
31:38 Scale Mail Armor
31:44 Scale Barding Armor
32:38 Light Cavalry
34:44 Two-Man Saw
36:18 Elite Skirmisher
37:52 Wagenburg Tactics
38:12 Conscription
38:43 Chain Mail Armor
39:29 Blast Furnace
38:51 Chain Barding Armor
Connection lost

Rejoining the realm…

Still unreachable

The connection could not be restored.

Session expired

The server has moved on; the page needs a fresh start.